 Dungeon Crawl Stone Soup version 0.30.1-11-g7821555f0a (webtiles) character file.

Game seed: 12713025598743641328

200 monsoonserge the Gusty (level 5, 0/28 HPs)
             Began as a Tengu Air Elementalist on Nov 18, 2023.
             Slain by an ice beast (6 damage)
             ... on level 3 of the Dungeon.
             The game lasted 00:07:28 (2331 turns).

monsoonserge the Gusty (Tengu Air Elementalist)     Turns: 2331, Time: 00:07:28

Health: 0/28       AC:  4    Str:  8    XL:     5   Next: 79%
Magic:  10/10      EV: 15    Int: 17    God:
Gold:   61         SH:  0    Dex: 15    Spells: 2/10 levels left

rFire   . . .        r - +3 quarterstaff (chaos)
rCold   . . .        (shield currently unavailable)
rNeg    . . .        a - +0 robe
rPois   .            (helmet restricted)
rElec   .            s - +1 cloak
rCorr   .            (no gloves)
SInv    .            (boots unavailable)
Will    .....        (no amulet)
Stlth   ++           (no ring)
HPRegen 0.24/turn    (no ring)
MPRegen 0.12/turn

%: no passive effects
@: flying quickly and evasively, quick
A: beak, talons 3, nimble flight
a: no special abilities


You were on level 3 of the Dungeon.
You visited 1 branch of the dungeon, and saw 3 of its levels.

You collected 61 gold pieces.

Inventory:

Hand Weapons
 n - a +0 short sword of protection
 o - a +0 sling
 r - a +3 quarterstaff of chaos (weapon)
Armour
 a - a +0 robe (worn)
 s - a +1 cloak (worn)
Magical Staves
 l - a staff of poison
Wands
 k - a wand of roots (14)
 u - a wand of charming (1)
Scrolls
 d - a scroll of amnesia {unknown}
 f - a scroll of teleportation {unknown}
 g - a scroll of enchant weapon {unknown}
 h - a scroll of noise {unknown}
 i - 2 scrolls of identify {unknown}
 p - 2 scrolls of fog {unknown}
Potions
 b - a potion of magic
 c - a potion of flight {unknown}
 e - a potion of mutation {unknown}
 j - a potion of curing {unknown}
 m - a potion of haste {unknown}
 q - a potion of attraction {unknown}
 t - a potion of ambrosia {unknown}


   Skills:
 + Level 0.5 Fighting
 + Level 0.4 Short Blades
 + Level 0.2 Staves
 + Level 2.6 Dodging
 + Level 2.6 Stealth
 - Level 3.0 Spellcasting
 + Level 3.3 Conjurations
 + Level 5.9 Air Magic


You had 2 spell levels left.
You knew the following spells:

 Your Spells              Type           Power      Damage    Failure   Level
a - Shock                 Conj/Air       72%        1d7       2%          1
b - Swiftness             Air            22%        N/A       4%          3
c - Airstrike             Air            11%        2d(2-18)  16%         4

Your spell library contained the following spells:

 Spells                   Type           Power      Damage    Failure   Level
 Static Discharge         Conj/Air       36%        2-4/arc   4%          2
 Kiss of Death            Conj/Necr      32%        2d7       9%          1
 Cigotuvi's Dreadful Rot  Necr/Pois/Air  18%        N/A       12%         2
 Summon Small Mammal      Summ           8%         N/A       17%         1
 Call Canine Familiar     Summ           2%         N/A       45%         3
 Confusing Touch          Hex            2%         N/A       45%         3
 Ignite Poison            Fire/Tmut/Pois 2%         N/A       45%         3
 Summon Guardian Golem    Hex/Summ       2%         N/A       45%         3
 Freezing Cloud           Conj/Ice/Air   6%         6-21      80%         5
 Dispel Undead            Necr           2%         3d7       86%         4


Dungeon Overview and Level Annotations

Branches:
Dungeon (3/15)

Altars:


Innate Abilities, Weirdness & Mutations

You have a beak for a mouth.
You have claws for feet.
Your magical nature lets you fly swiftly and evasively.


Message History

You start resting.
Your magical contamination has completely faded away.
You start resting.
HP restored.
You start resting.
Magic restored.
You fly downwards.
There is a stone staircase leading up, spattered with blood here.
Things that are here:
a +2 helmet; a +0 animal skin; a +0 spear
There is an open door here.
There is an open door here.
A hobgoblin comes into view.
A hobgoblin is nearby!
The helpless hobgoblin fails to defend itself.
You thump the hobgoblin!
Lightning courses through the hobgoblin!
You kill the hobgoblin!
An ice beast comes into view.
The ice beast barely misses you.
You hit the ice beast.
The ice beast seems to grow stronger.
The ice beast is moderately wounded.
The ice beast hits you. The ice beast freezes you!
You closely miss the ice beast. You claw the ice beast.
The ice beast is moderately wounded.
The ice beast hits you. The ice beast freezes you!
* * * LOW HITPOINT WARNING * * *
The ice beast barely misses you.
Unknown command.
You barely miss the ice beast.
You claw the ice beast, but do no damage.
Your peck misses the ice beast.
The ice beast is moderately wounded.
The ice beast misses you.
You closely miss the ice beast.
The ice beast is moderately wounded.
The ice beast hits you.
* * * LOW HITPOINT WARNING * * *
The ice beast freezes you.
You die...

#.# #.# #.# #.#
#.# #.# #.# ##
.########.##...##
#.....Y@.........
.######........##
##...##### ##.##
#.# #.# #+#


You could see an ice beast (strong).

Vanquished Creatures
  Crazy Yiuf (D:2)
  Ijyb (D:3)
  Robin (D:3)
  3 gnolls (D:2)
  4 adders (D:2)
  A worm (D:2)
  3 dart slugs
  4 endoplasms
  13 hobgoblins
  3 jackals (D:1)
  2 quokkas (D:1)
  6 ball pythons
  3 bats
  4 frilled lizards
  8 goblins
  4 kobolds
  6 rats
67 creatures vanquished.

Notes
Turn   | Place    | Note
-------+----------+-------------------------------------------
     0 | D:1      | monsoonserge the Tengu Air Elementalist began the quest for
                  | the Orb.
     0 | D:1      | Reached XP level 1. HP: 10/10 MP: 4/4
    57 | D:1      | Reached XP level 2. HP: 4/15 MP: 1/6
   434 | D:1      | Reached XP level 3. HP: 19/19 MP: 5/7
   435 | D:1      | Reached skill level 5 in Air Magic
  1061 | D:2      | Found a runed translucent door.
  1062 | D:2      | Noticed Crazy Yiuf
  1159 | D:2      | Reached XP level 4. HP: 24/24 MP: 5/8
  1768 | D:2      | Learned a level 3 spell: Swiftness
  1773 | D:2      | Learned a level 4 spell: Airstrike
  1938 | D:2      | Killed Crazy Yiuf
  1939 | D:2      | Gained mutation: Your magical nature lets you fly swiftly
                  | and evasively. [Tengu growth]
  1939 | D:2      | Reached XP level 5. HP: 28/28 MP: 6/10
  2157 | D:3      | Noticed Ijyb
  2197 | D:3      | Killed Ijyb
  2225 | D:3      | Noticed Robin
  2235 | D:3      | Killed Robin
  2324 | D:3      | Noticed an ice beast
  2331 | D:3      | Slain by an ice beast

Illustrated notes

Levels and vault maps discovered:
D:1:      moated_graveyard_arrival, layout_basic, minmay_misc_feat_four_crosses
D:2:      layout_basic, uniq_crazy_yiuf_cottage
D:3:      layout_loops_corners, lightli_temple_of_fire,
          chequers_temple_overflow_statue_of_worship,
          mainiacjoe_overflow_chevrons, serial_shops, shop, nicolae_goblin_pals

Skill      XL: |  1  2  3  4  5 |
---------------+----------------+-----
Air Magic      | 5 |  5.9
Conjurations   | 2 3 |  3.3
Spellcasting   | 3 |  3.0
Fighting       | |  0.5
Short Blades   | |  0.4
Staves         | |  0.2
Dodging        | |  2.6
Stealth        | |  2.6

Action                     |  1- 3 |  4- 6 || total
---------------------------+-------+-------++-------
  Melee: Unarmed           |     9 |       ||     9
         Peck              |     4 |     4 ||     8
         Kick              |     3 |     9 ||    12
         Dagger            |     7 |       ||     7
         Punch             |     1 |     1 ||     2
         Short sword       |     3 |     8 ||    11
         Quarterstaff      |       |    19 ||    19
   Cast: Shock             |    67 |    46 ||   113
   Stab: Sleeping          |       |     2 ||     2
 Armour: Robe              |     9 |     5 ||    14
  Dodge: Dodged            |    20 |    28 ||    48
